| TOP OF THE 1ST |
|
Pittsburgh Pirates batting - Pitching for Philadelphia Phillies : RHP Julian Bush
|
|
Pitching: RHP Julian Bush
|
|
|
Batting: RHB Jeckel Hester
|
0-0: Ball 1-0: SINGLE (Line Drive, 6D, EV 99.4 MPH)
|
|
Batting: RHB Eisse Bravenboer
|
0-0: Called Strike 0-1: Foul Ball, location: 2F 0-2: Hit by Pitch Jeckel Hester to second
|
|
Batting: SHB Marvin McAleer
|
0-0: Foul Ball, location: 2F 0-1: Ball 1-1: Called Strike 1-2: Foul Ball, location: 2F 1-2: Grounds into double play, 5-4-3 (Groundball, 5, EV 91.9 MPH) Jeckel Hester to third
|
|
Batting: LHB Theodore Conboy
|
0-0: Ball 1-0: Ball 2-0: Foul Ball, location: 2F 2-1: Fly out, F7 (Flyball, 7, EV 94.4 MPH)
|
| Top of the 1st over - 0 runs, 1 hit, 0 errors, 1 left on base; Pittsburgh 0 - Philadelphia 0 |
| BOTTOM OF THE 1ST |
|
Philadelphia Phillies batting - Pitching for Pittsburgh Pirates : RHP Jeremy Kennie
|
|
Pitching: RHP Jeremy Kennie
|
|
|
Batting: RHB Ji-an Li
|
0-0: Called Strike 0-1: Called Strike 0-2: Strikes out swinging
|
|
Batting: LHB Nick Canizales
|
0-0: Called Strike 0-1: Hit by Pitch
|
|
Batting: LHB Eric Katz
|
0-0: Ball 1-0: Called Strike 1-1: Foul Ball, location: 2F 1-2: Ball 2-2: Strikes out looking
|
|
Batting: LHB Alberto Figueroa
|
0-0: Ball Nick Canizales is caught stealing 2nd base 2-6
|
| Bottom of the 1st over - 0 runs, 0 hits, 0 errors, 0 left on base; Pittsburgh 0 - Philadelphia 0 |
| TOP OF THE 2ND |
|
Pittsburgh Pirates batting - Pitching for Philadelphia Phillies : RHP Julian Bush
|
|
Batting: RHB Tommie Eaton
|
0-0: Called Strike 0-1: Ball 1-1: Ball 2-1: Foul Ball, location: 2F 2-2: SINGLE (Line Drive, 6MD, EV 104.4 MPH)
|
|
Batting: RHB Mike Thornton
|
0-0: Ball 1-0: Foul Ball, location: 2F 1-1: Swinging Strike 1-2: Strikes out looking
|
|
Batting: RHB Raul Mendoza
|
0-0: Ball 1-0: Swinging Strike 1-1: Ball 2-1: Swinging Strike 2-2: Fly out, F8 (Flyball, 78XD, EV 86.9 MPH)
|
|
Batting: RHB Andrew Robinson
|
0-0: Called Strike 0-1: Foul Ball, location: 2F 0-2: Strikes out swinging
|
| Top of the 2nd over - 0 runs, 1 hit, 0 errors, 1 left on base; Pittsburgh 0 - Philadelphia 0 |
| BOTTOM OF THE 2ND |
|
Philadelphia Phillies batting - Pitching for Pittsburgh Pirates : RHP Jeremy Kennie
|
|
Batting: LHB Alberto Figueroa
|
0-0: Called Strike 0-1: Foul Ball, location: 2F 0-2: Strikes out swinging
|
|
Batting: RHB Raul de la Cruz
|
0-0: Fly out, F8 (Line Drive, 8RM, EV 108.8 MPH)
|
|
Batting: LHB Jeff Luvisi
|
0-0: Ball 1-0: Ball 2-0: Foul Ball, location: 2F 2-1: Foul Ball, location: 2F 2-2: Ball 3-2: Fly out, F7 (Flyball, 7S, EV 87.5 MPH)
|
| Bottom of the 2nd over - 0 runs, 0 hits, 0 errors, 0 left on base; Pittsburgh 0 - Philadelphia 0 |
| TOP OF THE 3RD |
|
Pittsburgh Pirates batting - Pitching for Philadelphia Phillies : RHP Julian Bush
|
|
Batting: RHB Mike Bates
|
0-0: Ball 1-0: SOLO HOME RUN (Flyball, 7D, EV 96.9 MPH), Distance : 375 ft
|
|
Batting: RHB Jeckel Hester
|
0-0: Ball 1-0: Called Strike 1-1: Swinging Strike 1-2: Strikes out swinging
|
|
Batting: RHB Eisse Bravenboer
|
0-0: Called Strike 0-1: Fly out, F3 (Popup, 3SF, EV 85.0 MPH)
|
|
Batting: SHB Marvin McAleer
|
0-0: Ball 1-0: Ball 2-0: Fly out, F9 (Flyball, 89D, EV 91.2 MPH)
|
| Top of the 3rd over - 1 run, 1 hit, 0 errors, 0 left on base; Pittsburgh 1 - Philadelphia 0 |
| BOTTOM OF THE 3RD |
|
Philadelphia Phillies batting - Pitching for Pittsburgh Pirates : RHP Jeremy Kennie
|
|
Batting: RHB Chef Belew
|
0-0: Ball 1-0: Ball 2-0: Ball 3-0: Called Strike 3-1: Ground out 6-3 (Groundball, 6, EV 80.6 MPH)
|
|
Batting: SHB Patrick Kimmel
|
0-0: Called Strike 0-1: Fly out, F8 (Flyball, 8RS, EV 89.4 MPH)
|
|
Batting: RHB Luis Arce
|
0-0: Called Strike 0-1: Swinging Strike 0-2: SINGLE (Groundball, 6, EV 102.5 MPH)
|
|
Batting: RHB Ji-an Li
|
0-0: Ball 1-0: Ball 2-0: Called Strike 2-1: Fly out, F6 (Line Drive, 6, EV 71.2 MPH)
|
| Bottom of the 3rd over - 0 runs, 1 hit, 0 errors, 1 left on base; Pittsburgh 1 - Philadelphia 0 |
| TOP OF THE 4TH |
|
Pittsburgh Pirates batting - Pitching for Philadelphia Phillies : RHP Julian Bush
|
|
Batting: LHB Theodore Conboy
|
0-0: Called Strike 0-1: Called Strike 0-2: SOLO HOME RUN (Flyball, 9LD, EV 96.2 MPH), Distance : 349 ft
|
|
Batting: RHB Tommie Eaton
|
0-0: Fly out, F2 (Popup, 23F, EV 78.8 MPH)
|
|
Batting: RHB Mike Thornton
|
0-0: Foul Ball, location: 2F 0-1: Ground out 4-3 (Groundball, 4, EV 90.6 MPH)
|
|
Batting: RHB Raul Mendoza
|
0-0: Called Strike 0-1: Ball 1-1: Ball 2-1: Foul Ball, location: 2F 2-2: SINGLE (Groundball, 4M, EV 106.2 MPH) (infield hit)
|
|
Batting: RHB Andrew Robinson
|
0-0: Called Strike 0-1: Called Strike 0-2: Ball 1-2: Foul Ball, location: 2F 1-2: Strikes out swinging
|
| Top of the 4th over - 1 run, 2 hits, 0 errors, 1 left on base; Pittsburgh 2 - Philadelphia 0 |
| BOTTOM OF THE 4TH |
|
Philadelphia Phillies batting - Pitching for Pittsburgh Pirates : RHP Jeremy Kennie
|
|
Batting: LHB Nick Canizales
|
0-0: Ball 1-0: SINGLE (Groundball, 34S, EV 70.0 MPH) (infield hit)
|
|
Batting: LHB Eric Katz
|
0-0: Called Strike 0-1: Ball 1-1: Swinging Strike 1-2: Ball 2-2: Foul Ball, location: 2F 2-2: Fly out, F9 (Flyball, 9LD, EV 100.6 MPH)
|
|
Batting: LHB Alberto Figueroa
|
0-0: Ball 1-0: Ball 2-0: Foul Ball, location: 2F 2-1: Called Strike 2-2: Strikes out swinging
|
|
Batting: RHB Raul de la Cruz
|
0-0: Ball 1-0: Called Strike 1-1: Called Strike 1-2: Fielders Choice at 2nd, 6-4 (Groundball, 6, EV 80.0 MPH)
|
| Bottom of the 4th over - 0 runs, 1 hit, 0 errors, 1 left on base; Pittsburgh 2 - Philadelphia 0 |
| TOP OF THE 5TH |
|
Pittsburgh Pirates batting - Pitching for Philadelphia Phillies : RHP Julian Bush
|
|
Batting: RHB Mike Bates
|
0-0: Called Strike 0-1: Ball 1-1: SINGLE (Line Drive, 9S, EV 93.8 MPH)
|
|
Batting: RHB Jeckel Hester
|
0-0: Grounds into double play, 3-6-1 (Groundball, 3, EV 103.1 MPH)
|
|
Batting: RHB Eisse Bravenboer
|
0-0: DOUBLE (Groundball, 5L, EV 104.4 MPH)
|
|
Batting: SHB Marvin McAleer
|
0-0: Ground out 4-3 (Groundball, 4, EV 83.1 MPH)
|
| Top of the 5th over - 0 runs, 2 hits, 0 errors, 1 left on base; Pittsburgh 2 - Philadelphia 0 |
| BOTTOM OF THE 5TH |
|
Philadelphia Phillies batting - Pitching for Pittsburgh Pirates : RHP Jeremy Kennie
|
|
Batting: LHB Jeff Luvisi
|
0-0: Foul Ball, location: 2F 0-1: Ball 1-1: Ball 2-1: Foul Ball, location: 2F 2-2: Foul Ball, location: 2F 2-2: Ball 3-2: DOUBLE (Flyball, 8RXD, EV 103.1 MPH)
|
|
Batting: RHB Chef Belew
|
0-0: TRIPLE (Line Drive, 78XD, EV 101.9 MPH) Jeff Luvisi scores
|
|
Batting: SHB Patrick Kimmel
|
0-0: Ball 1-0: Foul Ball, location: 2F 1-1: Foul Ball, location: 2F 1-2: Ball 2-2: SINGLE (Groundball, 6M, EV 103.8 MPH) Chef Belew scores
|
|
Batting: RHB Luis Arce
|
0-0: Ball 1-0: Ball 2-0: Ball 3-0: Fielders Choice at 2nd, 5-4 (Groundball, 56S, EV 91.2 MPH)
|
|
Batting: RHB Ji-an Li
|
0-0: Called Strike 0-1: Foul Ball, location: 2F 0-2: Ball 1-2: Ball 2-2: Fly out, F8 (Line Drive, 8RM, EV 91.9 MPH)
|
|
Batting: LHB Nick Canizales
|
0-0: Called Strike 0-1: Foul Ball, location: 2F 0-2: Ball Luis Arce steals 2nd base (no throw) 1-2: Foul Ball, location: 2F 1-2: SINGLE (Flyball, 34D, EV 87.5 MPH) Luis Arce to third Runner from 3rd tries for Home, SAFE, throw by RF to home Nick Canizales to second
|
|
Batting: LHB Eric Katz
|
0-0: Ground out 6-3 (Groundball, 6, EV 83.1 MPH)
|
| Bottom of the 5th over - 3 runs, 4 hits, 0 errors, 1 left on base; Pittsburgh 2 - Philadelphia 3 |
| TOP OF THE 6TH |
|
Pittsburgh Pirates batting - Pitching for Philadelphia Phillies : RHP Julian Bush
|
|
Batting: LHB Theodore Conboy
|
0-0: Ball 1-0: Ball 2-0: Swinging Strike 2-1: Ground out 6-3 (Groundball, 6M, EV 101.2 MPH)
|
|
Batting: RHB Tommie Eaton
|
0-0: Ball 1-0: Ball 2-0: Called Strike 2-1: Ball 3-1: Base on Balls
|
|
Batting: RHB Mike Thornton
|
0-0: Called Strike 0-1: Foul Ball, location: 2F 0-2: Ball 1-2: Ball 2-2: Strikes out swinging
|
|
Batting: RHB Raul Mendoza
|
0-0: Swinging Strike 0-1: Ball 1-1: Ball 2-1: Ball 3-1: Foul Ball, location: 2F 3-2: Strikes out looking
|
| Top of the 6th over - 0 runs, 0 hits, 0 errors, 1 left on base; Pittsburgh 2 - Philadelphia 3 |
| BOTTOM OF THE 6TH |
|
Philadelphia Phillies batting - Pitching for Pittsburgh Pirates : RHP Jeremy Kennie
|
|
Batting: LHB Alberto Figueroa
|
0-0: Ball 1-0: Swinging Strike 1-1: Foul Ball, location: 2F 1-2: Ball 2-2: Ball 3-2: Foul Ball, location: 2F 3-2: Fly out, F8 (Line Drive, 8RM, EV 98.1 MPH)
|
|
Batting: RHB Raul de la Cruz
|
0-0: Ball 1-0: Ball 2-0: SINGLE (Line Drive, 8LS, EV 105.0 MPH)
|
|
Batting: LHB Jeff Luvisi
|
0-0: Ball 1-0: Swinging Strike 1-1: Swinging Strike 1-2: Ball 2-2: DOUBLE (Line Drive, 9LM, EV 108.1 MPH) Raul de la Cruz to third
|
|
Batting: RHB Chef Belew
|
0-0: SINGLE (Groundball, 34, EV 100.6 MPH) Raul de la Cruz scores Jeff Luvisi to third Runner from 3rd tries for Home, SAFE, throw by RF to home
|
|
Batting: SHB Patrick Kimmel
|
0-0: Ground out 4-3 (Groundball, 34, EV 100.6 MPH) Chef Belew to second
|
|
Batting: RHB Luis Arce
|
0-0: Swinging Strike 0-1: Ball 1-1: Ground out 1-3 (Groundball, 15S, EV 70.0 MPH)
|
| Bottom of the 6th over - 2 runs, 3 hits, 0 errors, 1 left on base; Pittsburgh 2 - Philadelphia 5 |
| TOP OF THE 7TH |
|
Pittsburgh Pirates batting - Pitching for Philadelphia Phillies : RHP Julian Bush
|
|
Batting: RHB Andrew Robinson
|
0-0: Called Strike 0-1: Called Strike 0-2: Ball 1-2: SINGLE (Groundball, 56D, EV 101.2 MPH)
|
|
Pitching: RHP Brandon Tuckson
|
|
|
Batting: RHB Mike Bates
|
0-0: Called Strike 0-1: Ball 1-1: Ball 2-1: Ball 3-1: Called Strike 3-2: 2-RUN HOME RUN (Flyball, 7LD, EV 97.5 MPH), Distance : 359 ft
|
|
Batting: RHB Jeckel Hester
|
0-0: SINGLE (Groundball, 4M, EV 108.1 MPH) (infield hit)
|
|
Batting: RHB Eisse Bravenboer
|
0-0: Ball 1-0: Sac Bunt to 5S - play at first, batter OUT! 5-4 Jeckel Hester to second
|
|
Batting: SHB Marvin McAleer
|
0-0: Swinging Strike 0-1: SINGLE (Line Drive, 8RS, EV 111.9 MPH) Jeckel Hester to third Runner from 3rd tries for Home, SAFE, throw by CF to home Marvin McAleer to second
|
|
Batting: LHB Theodore Conboy
|
0-0: Ball 1-0: Ground out 4-3 (Groundball, 4, EV 76.2 MPH) Marvin McAleer to third
|
|
Batting: RHB Tommie Eaton
|
0-0: Called Strike 0-1: Ball 1-1: Ball 2-1: Ground out 6-3 (Groundball, 6MS, EV 75.6 MPH)
|
| Top of the 7th over - 3 runs, 4 hits, 0 errors, 1 left on base; Pittsburgh 5 - Philadelphia 5 |
| BOTTOM OF THE 7TH |
|
Philadelphia Phillies batting - Pitching for Pittsburgh Pirates : RHP Jeremy Kennie
|
|
Pitching: LHP Matt Huston
|
|
|
Batting: RHB Ji-an Li
|
0-0: Swinging Strike 0-1: Ball 1-1: Foul Ball, location: 2F 1-2: Foul Ball, location: 2F 1-2: Foul Ball, location: 2F 1-2: Ball 2-2: Foul Ball, location: 2F 2-2: Foul Ball, location: 2F 2-2: Foul Ball, location: 2F 2-2: Ball 3-2: Foul Ball, location: 2F 3-2: Foul Ball, location: 2F 3-2: Foul Ball, location: 2F 3-2: Ground out 3-1 (Groundball, 34, EV 100.6 MPH)
|
|
Batting: LHB Nick Canizales
|
0-0: SINGLE (Groundball, 6S, EV 62.5 MPH) (infield hit)
|
|
Batting: LHB Eric Katz
|
0-0: Swinging Strike 0-1: Swinging Strike 0-2: Ball 1-2: Ball 2-2: Ball 3-2: Base on Balls Nick Canizales to second
|
|
Batting: LHB Alberto Figueroa
|
0-0: Foul Ball, location: 2F 0-1: Fielders Choice at 2nd, 3-6 (Groundball, 3, EV 100.6 MPH) Nick Canizales to third
|
|
Batting: RHB Raul de la Cruz
|
0-0: Ball Wild Pitch! Nick Canizales scores Alberto Figueroa to second 1-0: Ball 2-0: Ball 3-0: Called Strike 3-1: Called Strike 3-2: Strikes out swinging
|
| Bottom of the 7th over - 1 run, 1 hit, 0 errors, 1 left on base; Pittsburgh 5 - Philadelphia 6 |
| TOP OF THE 8TH |
|
Pittsburgh Pirates batting - Pitching for Philadelphia Phillies : RHP Brandon Tuckson
|
|
Pitching: RHP Mike Kamm
|
|
|
Batting: RHB Mike Thornton
|
0-0: Called Strike 0-1: Ball 1-1: Ball 2-1: Fly out, F7 (Flyball, 7D, EV 105.0 MPH)
|
|
Batting: RHB Raul Mendoza
|
0-0: Called Strike 0-1: Called Strike 0-2: Strikes out swinging
|
|
Batting: RHB Andrew Robinson
|
0-0: Ball 1-0: Ball 2-0: Ball 3-0: Called Strike 3-1: Foul Ball, location: 2F 3-2: Foul Ball, location: 2F 3-2: Strikes out looking
|
| Top of the 8th over - 0 runs, 0 hits, 0 errors, 0 left on base; Pittsburgh 5 - Philadelphia 6 |
| BOTTOM OF THE 8TH |
|
Philadelphia Phillies batting - Pitching for Pittsburgh Pirates : LHP Matt Huston
|
|
Pitching: RHP Kwang-sik Kim
|
|
|
Batting: LHB Jeff Luvisi
|
0-0: Ball 1-0: Called Strike 1-1: SINGLE (Groundball, 4MD, EV 105.6 MPH)
|
|
Batting: RHB Chef Belew
|
0-0: Ball 1-0: Called Strike 1-1: Ball 2-1: Swinging Strike 2-2: Strikes out swinging
|
|
Batting: SHB Patrick Kimmel
|
0-0: Ball 1-0: Ball 2-0: Called Strike Jeff Luvisi steals 2nd base 2-1: Foul Ball, location: 2F 2-2: Foul Ball, location: 2F 2-2: Ball 3-2: Strikes out swinging
|
|
Batting: RHB Luis Arce
|
0-0: Called Strike 0-1: SINGLE (Line Drive, 7S, EV 98.8 MPH) Jeff Luvisi to third Runner from 3rd tries for Home, SAFE, throw by LF to home
|
|
Batting: RHB Ji-an Li
|
0-0: Ball Luis Arce steals 2nd base 1-0: Swinging Strike 1-1: Foul Ball, location: 2F 1-2: SINGLE (Line Drive, 89S, EV 109.4 MPH) Luis Arce to third
|
|
Batting: LHB Nick Canizales
|
0-0: Ball 1-0: Ball 2-0: Called Strike 2-1: Ball 3-1: DOUBLE (Line Drive, 78XD, EV 104.4 MPH) Luis Arce scores Ji-an Li to third Runner from 3rd tries for Home, SAFE, throw by CF to trailing runner, SAFE at third!
|
|
Pitching: LHP Jason Salzer
|
|
|
Batting: LHB Eric Katz
|
0-0: Ball 1-0: Foul Ball, location: 2F 1-1: Called Strike 1-2: Foul Ball, location: 2F 1-2: Ball 2-2: Foul Ball, location: 2F 2-2: Ball 3-2: Foul Ball, location: 2F 3-2: Base on Balls
|
|
Batting: LHB Alberto Figueroa
|
0-0: Foul Ball, location: 2F 0-1: Foul Ball, location: 2F 0-2: Strikes out looking
|
| Bottom of the 8th over - 3 runs, 4 hits, 0 errors, 2 left on base; Pittsburgh 5 - Philadelphia 9 |
| TOP OF THE 9TH |
|
Pittsburgh Pirates batting - Pitching for Philadelphia Phillies : RHP Mike Kamm
|
|
Pitching: LHP Randy Karnes
|
|
|
Batting: RHB Mike Bates
|
0-0: Called Strike 0-1: Foul Ball, location: 2F 0-2: Strikes out swinging
|
|
Batting: RHB Jeckel Hester
|
0-0: Ball 1-0: Called Strike 1-1: SOLO HOME RUN (Flyball, 8LXD, EV 105.6 MPH), Distance : 426 ft
|
|
Batting: RHB Eisse Bravenboer
|
0-0: SOLO HOME RUN (Flyball, 8LXD, EV 110.6 MPH), Distance : 413 ft
|
|
Batting: SHB Marvin McAleer
|
0-0: Ball 1-0: Called Strike 1-1: Called Strike 1-2: Ball 2-2: Ground out 4-3 (Groundball, 4, EV 82.5 MPH)
|
|
Batting: LHB Theodore Conboy
|
0-0: Ball 1-0: Foul Ball, location: 2F 1-1: Swinging Strike 1-2: Ball 2-2: SOLO HOME RUN (Flyball, 9LD, EV 95.0 MPH), Distance : 350 ft
|
|
Batting: RHB Tommie Eaton
|
0-0: Ball 1-0: Foul Ball, location: 2F 1-1: Ball 2-1: Called Strike 2-2: Foul Ball, location: 2F 2-2: Strikes out swinging
|
| Top of the 9th over - 3 runs, 3 hits, 0 errors, 0 left on base; Pittsburgh 8 - Philadelphia 9 |
|